 Dungeon Crawl Stone Soup version 0.28.0-47-ge53b351184 (webtiles) character file.

Game seed: 2854911052777941646

86 kingofstarryskies the Shield-Bearer (level 4, -9/42 HPs)
             Began as a Naga Fighter on May 2, 2022.
             Mangled by a gnoll
             ... wielding a +0 halberd
              (12 damage)
             ... on level 3 of the Dungeon.
             The game lasted 00:06:01 (2151 turns).

kingofstarryskies the Shield-Bearer (Naga Fighter)  Turns: 2151, Time: 00:06:01

Health: -9/42      AC:  4    Str: 20    XL:     4   Next: 49%
Magic:  4/4        EV:  7    Int:  8    God:
Gold:   83         SH:  4    Dex: 11    Spells: 3/3 levels left

rFire   . . .      SeeInvis +   a - +1 trident (vorpal)
rCold   . . .      Faith    .   c - +0 buckler
rNeg    . . .      Spirit   .   b - +0 scale mail
rPois   +          Reflect  .   (no helmet)
rElec   .          Harm     .   (no cloak)
rCorr   .          Rampage  .   (no gloves)
Will    .....                   (no barding)
Stlth   ..........              (no amulet)
HPRegen 0.14/turn               (no ring)
MPRegen 0.09/turn               (no ring)

@: mighty, hasted, quick
A: AC +1, large, see invisible, deformed body, poison resistance, slowness 2,
spit poison 1, naga tail 1
a: Spit Poison


You were on level 3 of the Dungeon.
You visited 1 branch of the dungeon, and saw 3 of its levels.

You collected 83 gold pieces.

Inventory:

Hand Weapons
 a - a +1 vorpal trident (weapon)
Armour
 b - a +0 scale mail (worn)
 c - a +0 buckler (worn)
Scrolls
 f - a scroll of identify
 h - 2 scrolls of vulnerability
Potions
 e - a potion of lignification
 g - a potion of haste


   Skills:
 - Level 3.0 Fighting
 - Level 2.0 Polearms
 - Level 2.4 Armour
 * Level 4.2 Shields


You had 3 spell levels left.
You didn't know any spells.
Your spell library was empty.

Dungeon Overview and Level Annotations

Branches:
Dungeon (3/15)

Altars:

Shops:
D:1 (


Innate Abilities, Weirdness & Mutations

Your serpentine skin is tough. (AC +1)
You have supernaturally acute eyesight. (SInv)
Armour fits poorly on your strangely shaped body.
Your system is resistant to poisons. (rPois)
You cover ground very slowly.
You can spit poison.
You have a snake-like lower body.


Message History

It is a scroll of enchant weapon.
Your +0 vorpal trident glows red for a moment.
The gnoll misses you.
You feel very mighty all of a sudden. The gnoll barely misses you.
You are too injured to fight recklessly!
Reach: a) +1 trident (vorpal)
Press: ? - help, Dir - move target, f/p - gnoll
Aim: a gnoll, wielding a +0 spear (lightly wounded, about 39% to evade your +1 vorpal trident)
You reach to attack!
You barely miss the gnoll.
The gnoll is lightly wounded.
The gnoll barely misses you.
Reach: a) +1 trident (vorpal)
Press: ? - help, Dir - move target, f/p - gnoll
Aim: a gnoll, wielding a +0 spear (lightly wounded, about 39% to evade your +1 vorpal trident)
You reach to attack!
You closely miss the gnoll.
The gnoll is lightly wounded.
Unknown command.
Reach: a) +1 trident (vorpal)
Press: ? - help, Dir - move target, f/p - gnoll
Aim: a gnoll, wielding a +0 spear (lightly wounded, about 39% to evade your +1 vorpal trident)
You reach to attack!
You barely miss the gnoll.
The gnoll is lightly wounded.
The gnoll hits you from afar with a +0 spear.
* * * LOW HITPOINT WARNING * * *
Reach: a) +1 trident (vorpal)
Press: ? - help, Dir - move target, f/p - gnoll
Aim: a gnoll, wielding a +0 spear (lightly wounded, about 39% to evade your +1 vorpal trident)
You reach to attack!
You puncture the gnoll!
You kill the gnoll!
Reach: a) +1 trident (vorpal)
Press: ? - help, Dir - move target, f - gnoll
Aim: a gnoll, wielding a +0 halberd (about 39% to evade your +1 vorpal trident)
You reach to attack!
You barely miss the gnoll. The gnoll barely misses you.
Reach: a) +1 trident (vorpal)
Press: ? - help, Dir - move target, f/p - gnoll
Aim: a gnoll, wielding a +0 halberd (about 39% to evade your +1 vorpal trident)
You reach to attack!
You barely miss the gnoll.
The gnoll hits you from afar with a +0 halberd!
You die...

... ... #.#
#.# #.#
###g##
#....#
#..@.#
#....#
###'##
##########.#
#........#.#
#.######.#.#
#.#....#.#.#
#.#.#....#.#
#.#.#..###.#


You could see a gnoll.

Vanquished Creatures
  An adder (D:2)
  3 gnolls
  A worm (D:2)
  2 dart slugs (D:2)
  An orc (D:2)
  4 ball pythons
  A bat (D:1)
  4 endoplasms
  3 giant cockroaches
  4 goblins
  A hobgoblin (D:3)
  5 kobolds
  A quokka (D:1)
  3 frilled lizards (D:2)
  6 rats
40 creatures vanquished.

Vanquished Creatures (others)
  A plant (D:2)
1 creature vanquished.

Grand Total: 41 creatures vanquished

Notes
Turn   | Place    | Note
-------+----------+-------------------------------------------
     0 | D:1      | kingofstarryskies the Naga Fighter began the quest for the
                  | Orb.
     0 | D:1      | Reached XP level 1. HP: 21/21 MP: 1/1
   164 | D:1      | Reached XP level 2. HP: 20/28 MP: 2/2
   165 | D:1      | Reached skill level 3 in Shields
   600 | D:1      | Reached XP level 3. HP: 32/34 MP: 3/3
   762 | D:1      | Found Muinwir's Weapon Shoppe.
  1487 | D:2      | Reached XP level 4. HP: 32/42 MP: 4/4
  1581 | D:2      | Reached skill level 4 in Shields
  1700 | D:2      | Found a faded altar of an unknown god.
  2151 | D:3      | Mangled by a gnoll

Illustrated notes

Levels and vault maps discovered:
D:1:      arrival_zaba_pyramid, layout_basic, serial_shops, shop_statue
D:2:      layout_basic, hellmonk_ecumenical_altar_leap_of_faith,
          chequers_serial_rivers_small_a, corexii_shack, st_stairs_11,
          kennysheep_nub
D:3:      layout_basic, uniq_grinder, uniq_ijyb, uniq_sigmund, uniq_robin,
          uniq_jessica

Skill      XL: |  1  2  3  4 |
---------------+-------------+-----
Shields        | 3 4 |  4.2
Fighting       | |  3.0
Polearms       | |  2.0
Armour         | |  2.4

Action                   |  1- 3 |  4- 6 || total
-------------------------+-------+-------++-------
Melee: Trident           |    95 |    38 ||   133
 Abil: Spit Poison       |     3 |       ||     3
  Use: Scroll            |     2 |     3 ||     5
       Potion            |     2 |     2 ||     4
Armor: Scale mail        |    27 |     5 ||    32
       Skin              |     4 |       ||     4
Dodge: Dodged            |    25 |    12 ||    37
Block: Buckler           |    16 |     6 ||    22
